Map: Ephemeron LE

Players

Maru - Winner!

  • Race: Terran Terran
  • Spawn Location: 5:00

Elazer

  • Race: Zerg Zerg
  • Spawn Location: 11:00

Event: IEM Katowice 2020

VOD

Have the link to the VOD?

Description

Time

  • Played on: Feb. 28, 2020, 9:25 a.m.
  • Length: 18:20

All games in this series

Show
View Real Time Build Order
Export as new Build Order

Maru Terran - Winner!

Build Orders: Liberator Opening, Reaper Expand 

Get SALT Encoding   

  12  0:00  SCV  
  13  0:12  SCV  
  14  0:17  Supply Depot  
  14  0:24  SCV  
  15  0:38  SCV  
  15  0:40  Barracks  
  16  0:43  Refinery  
  16  0:51  SCV  
  17  1:03  SCV  
  18  1:15  SCV  
  19  1:27  Reaper, Orbital Command  
  20  1:39  Command Center  
  20  1:50  Supply Depot  
  20  1:53  SCV  
  21  1:59  Marine  
  22  2:05  SCV  
  23  2:09  Factory  
  23  2:17  SCV  
  23  2:18  Refinery  
  23  2:20  Barracks Reactor  
  24  2:29  SCV  
  25  2:41  SCV  
  26  2:51  Orbital Command  
  26  2:53  SCV  
  26  2:56  Starport  
  27  3:03  Hellion x2, Marine  
  32  3:05  SCV  
  33  3:17  SCV  
  33  3:19  SCV  
  35  3:26  Hellion x2  
  39  3:30  SCV  
  39  3:31  Supply Depot  
  39  3:32  SCV, Liberator  
  44  3:38  Barracks Tech Lab  
  44  3:42  SCV  
  44  3:44  SCV  
  46  3:53  Hellion x2  
  46  3:54  SCV, Supply Depot  
  51  3:56  SCV  
  52  4:03  Supply Depot  
  52  4:06  SCV  
  57  4:17  SCV  
  57  4:22  Command Center  
  54  4:25  SCV  
  54  4:29  SCV, Marine  
  54  4:30  Siege Tank  
  60  4:32  Marine  
  60  4:33  Bunker  
  60  4:35  Bunker  
  60  4:38  SCV  
  55  4:47  SCV, Marine  
  55  4:50  Marine  
  55  4:52  SCV  
  53  4:54  Starport Tech Lab  
  53  4:59  SCV  
  54  5:04  SCV  
  59  5:08  Engineering Bay  
  59  5:09  Engineering Bay  
  59  5:11  SCV  
  56  5:16  SCV  
  56  5:18  Barracks  
  56  5:19  Raven  
  56  5:20  Factory Reactor, Barracks  
  59  5:23  SCV, Refinery  
  59  5:24  Marine  
  61  5:28  SCV  
  61  5:35  SCV  
  63  5:36  Terran Infantry Weapons Level 1, Orbital Command, Terran Infantry Armor Level 1  
  63  5:40  SCV  
  63  5:42  Marine  
  65  5:46  Stimpack  
  65  5:47  SCV, Refinery  
  65  5:48  Barracks x2  
  66  5:53  SCV  
  67  5:59  SCV  
  67  6:00  Marine  
  67  6:04  Supply Depot  
  69  6:05  SCV  
  69  6:06  Orbital Command  
  69  6:09  Marine x2  
  69  6:11  SCV, Starport Reactor, Siege Tank  
  75  6:13  Supply Depot, Marine x2  
  75  6:17  SCV, Marine  
  80  6:23  SCV  
  81  6:27  Marine x2  
  81  6:29  SCV  
  84  6:33  Marine x2  
  84  6:35  SCV x2, Supply Depot x2, Marine  
  89  6:41  SCV, Barracks Reactor x2  
  90  6:47  SCV, Marine x2  
  90  6:48  SCV, Supply Depot x2  
  90  6:49  Armory, Siege Tank  
  90  6:50  Marine  
  90  6:53  SCV, Medivac  
  101  6:56  Medivac  
  101  6:59  SCV  
  101  7:00  SCV  
  105  7:01  Marine x2  
  105  7:05  SCV, Marine x2  
  107  7:09  Marine  
  107  7:11  SCV  
  107  7:12  SCV  
  107  7:15  Supply Depot  
  110  7:16  Supply Depot  
  110  7:17  SCV  
  110  7:19  Marine x3  
  110  7:20  Marine x3  
  117  7:23  Marine  
  117  7:24  SCV  
  117  7:26  Medivac x2  
  117  7:28  Refinery  
  117  7:29  Refinery  
  123  7:30  Marine x2  
  123  7:34  Siege Tank  
  128  7:37  Combat Shield, Marine x4  
  128  7:42  SCV x2  
  134  7:44  Marine x3  
  134  7:47  Marine  
  134  7:48  Marine  
  139  7:55  Marine  
  139  7:57  Command Center  
  140  8:01  Terran Infantry Armor Level 2  
  140  8:02  Marine  
  140  8:04  Terran Infantry Weapons Level 2  
  141  8:11  Marine x3  
  141  8:12  Siege Tank  
  132  8:19  Marine x5  
  121  8:20  Marine  
  121  8:24  Factory  
  122  8:29  Marine  
  122  8:31  Drilling Claws  
  123  8:35  Medivac x2, Barracks  
  123  8:36  Barracks x2  
  127  8:48  Marauder, Marine x7, Widow Mine  
  135  8:51  Supply Depot  
  137  9:00  SCV  
  138  9:04  Supply Depot  
  138  9:05  Marine  
  138  9:06  Marine x5  
  138  9:08  Factory Reactor  
  138  9:09  Marauder  
  146  9:16  Marine x2  
  148  9:18  Terran Vehicle And Ship Armor Level 1  
  148  9:21  SCV  
  148  9:24  Supply Depot  
  149  9:25  Supply Depot, Barracks Tech Lab x3  
  149  9:31  Marauder  
  149  9:35  Missile Turret x2  
  149  9:37  Missile Turret  
  150  9:38  SCV  
  150  9:48  Marauder, Marine x3  
  150  9:49  Marauder, Marine  
  150  9:52  Missile Turret, Marauder  
  152  9:53  Planetary Fortress  
  152  9:57  Marine  
  152  9:58  Concussive Shells, Marauder  
  157  10:07  Widow Mine x2  
  157  10:12  Marine  
  157  10:13  Marauder  
  160  10:15  Sensor Tower  
  160  10:21  Terran Infantry Weapons Level 3, Terran Infantry Armor Level 3  
  160  10:22  Marauder x3, Marine x2  
  168  10:31  SCV  
  168  10:32  Thor  
  168  10:33  Widow Mine  
  168  10:34  Widow Mine  
  179  10:41  Marauder, Marine x4  
  185  10:43  Marauder  
  185  10:44  Marauder  
  189  10:51  Command Center  
  189  10:59  Widow Mine x2  
  189  11:01  Marauder  
  189  11:03  Marauder  
  190  11:12  Marauder x2  
  194  11:19  Barracks  
  194  11:20  Barracks  
  194  11:23  Marauder  
  194  11:25  Terran Vehicle And Ship Armor Level 2  
  196  11:26  Marauder, Marine x2  
  200  11:34  Command Center  
  200  11:35  Command Center  
  200  11:37  Barracks  
  200  11:39  Factory  
  200  12:00  Marauder x3, Marine x5  
  200  12:01  Marauder, Marine x2  
  176  12:03  Orbital Command  
  176  12:06  Marine x2  
  176  12:07  Barracks Tech Lab  
  174  12:18  Widow Mine x2  
  174  12:21  Marauder  
  174  12:22  Marauder x2  
  180  12:29  Factory Reactor  
  179  12:30  Marauder x2, Marine x3  
  179  12:31  Barracks Tech Lab  
  179  12:33  Marine  
  179  12:36  SCV  
  187  12:42  Medivac x2  
  187  12:43  Marauder x2  
  187  12:44  Barracks Tech Lab  
  197  12:45  Barracks Reactor, Barracks Tech Lab  
  197  12:48  Missile Turret  
  197  12:49  Orbital Command x2  
  197  12:51  Widow Mine  
  199  12:52  Missile Turret  
  199  12:53  Factory Reactor  
  199  12:54  Marine  
  199  12:55  Marauder  
  200  13:00  Missile Turret  
  200  13:01  Planetary Fortress  
  200  13:09  Widow Mine  
  198  13:16  Widow Mine  
  200  13:47  Marauder, Marine x4  
  200  13:48  Marauder x3  
  175  13:49  Marauder, Marine  
  175  13:50  Marauder x2, Marine x3  
  175  13:51  Medivac x2  
  175  13:54  Widow Mine x4  
  175  13:55  Widow Mine  
  168  14:05  Marine x4  
  168  14:07  Marine x3  
  168  14:08  Marine  
  168  14:09  Marauder x4  
  184  14:11  Marauder x3  
  188  14:18  Command Center  
  188  14:21  Medivac x2  
  188  14:22  Marine  
  188  14:23  Marine x3  
  194  14:25  Orbital Command, Marine x4  
  194  14:30  Marauder x2  
  200  14:32  Terran Vehicle And Ship Armor Level 3  
  200  14:40  Marine x2  
  196  14:46  Marauder, Marine x2  
  196  14:49  Command Center, Missile Turret  
  200  15:11  Command Center  
  198  15:24  Marauder, Marine x3  
  198  15:25  Marauder x3  
  198  15:27  Marine x2  
  198  15:28  Marauder x2  
  187  15:36  Marine x3  
  187  15:37  Marauder, Widow Mine  
  159  15:45  Widow Mine x2  
  159  15:46  Marauder x2  
  155  15:51  Marine  
  155  15:52  Marauder x4, Marine x4  
  155  15:55  Widow Mine x2  
  164  15:58  Marauder  
  164  15:59  Widow Mine  
  164  16:03  Marine x3  
  161  16:06  Widow Mine  
  161  16:07  Marauder x2, Widow Mine  
  161  16:09  Marine x3  
  161  16:10  Marine x2  
  174  16:11  Missile Turret  
  174  16:12  Missile Turret  
  174  16:13  Marauder x2  
  174  16:14  Marauder x2  
  174  16:16  Widow Mine  
  174  16:17  Widow Mine  
  182  16:19  Marauder  
  182  16:20  Widow Mine  
  182  16:21  Marine x3  
  183  16:27  Marine x4  
  183  16:28  Widow Mine  
  183  16:29  Marauder x2  
  188  16:33  Widow Mine  
  188  16:35  Marauder x4  
  188  16:36  Marine  
  188  16:38  Widow Mine  
  188  16:39  Marine x2  
  199  16:40  Planetary Fortress  
  199  16:49  Marine  
  199  16:50  Marauder x3  
  199  16:51  Marine  
  179  16:56  Marauder x4  
  179  16:59  Marine  
  167  17:03  Marine x2  
  167  17:06  SCV x3  
  167  17:07  SCV  
  169  17:08  Marine x2  
  169  17:09  Marine x3  
  169  17:10  Widow Mine x2  
  169  17:11  Marauder x3, Widow Mine  
  186  17:17  Marauder  
  186  17:18  Marauder x3  
  186  17:20  Marine x2, Widow Mine  
  198  17:30  SCV x2  
  200  17:40  Marine  
  200  17:41  Marauder  
  200  17:43  Planetary Fortress  
  182  17:48  Marine x2  
  182  17:49  Marauder x4, Marine x2  
  182  17:51  Marauder, Marine  
  197  17:54  Marine x2  
  197  17:55  Marauder  
  197  17:57  Widow Mine  
  200  18:05  Command Center  
Show
View Real Time Build Order
Export as new Build Order

Elazer Zerg 

Build Orders: Hatch First, Muta Ling Bane 

Get SALT Encoding   

  12  0:00  Drone  
  13  0:12  Overlord  
  13  0:16  Drone  
  14  0:30  Drone x2  
  16  0:48  Hatchery  
  15  0:51  Drone  
  15  0:54  Drone  
  17  0:57  Drone  
  18  1:09  Extractor  
  17  1:13  Spawning Pool  
  17  1:16  Drone  
  17  1:19  Drone  
  18  1:27  Drone  
  19  1:38  Drone  
  20  1:48  Drone  
  21  1:59  Queen x2  
  21  2:00  Zergling x4  
  27  2:10  Overlord  
  27  2:11  Drone  
  28  2:30  Drone x2, Metabolic Boost  
  28  2:36  Queen  
  28  2:37  Queen  
  29  2:40  Drone x2  
  35  2:51  Overlord  
  35  2:54  Overlord  
  35  3:09  Drone x7  
  42  3:16  Lair  
  42  3:25  Hatchery  
  42  3:26  Drone  
  42  3:30  Drone  
  42  3:31  Drone  
  42  3:33  Drone  
  45  3:41  Drone  
  46  3:42  Extractor  
  46  3:47  Drone x6  
  51  3:50  Overlord  
  51  3:56  Baneling Nest  
  51  3:57  Zergling x2  
  51  4:08  Queen  
  53  4:10  Zergling x6  
  53  4:13  Overseer  
  53  4:15  Zergling x2  
  57  4:19  Zergling x4  
  59  4:25  Overlord  
  59  4:29  Overlord  
  59  4:34  Overlord  
  59  4:43  Drone x2  
  59  4:44  Drone x2  
  62  4:45  Drone x2  
  62  4:48  Drone  
  62  4:51  Drone  
  58  5:00  Queen  
  58  5:01  Drone x3  
  58  5:03  Centrifical Hooks  
  58  5:05  Drone  
  58  5:07  Drone x3  
  66  5:12  Overlord  
  67  5:15  Drone  
  67  5:16  Spore Crawler  
  67  5:18  Drone x3  
  67  5:20  Drone  
  71  5:22  Spore Crawler  
  71  5:23  Drone  
  71  5:27  Evolution Chamber  
  70  5:29  Evolution Chamber  
  70  5:32  Overlord  
  70  5:33  Drone  
  70  5:36  Drone x3  
  70  5:41  Drone x2  
  70  5:42  Spore Crawler  
  74  5:45  Drone x3  
  74  5:48  Drone  
  78  5:51  Drone  
  78  5:52  Hatchery  
  78  5:55  Zerg Melee Weapons Level 1, Zerg Ground Armor Level 1  
  78  5:59  Overlord  
  78  6:01  Drone x2  
  78  6:03  Extractor  
  79  6:05  Extractor  
  79  6:08  Overlord  
  79  6:09  Zergling x10  
  83  6:12  Overlord  
  83  6:16  Drone x2  
  83  6:17  Extractor  
  84  6:20  Overlord  
  84  6:29  Drone  
  84  6:30  Drone  
  84  6:32  Drone  
  87  6:33  Overlord  
  87  6:34  Burrow, Baneling  
  87  6:35  Baneling x5  
  87  6:36  Baneling x3  
  87  6:37  Zergling x14  
  94  6:40  Baneling x2  
  94  6:41  Overlord  
  94  6:44  Drone x2  
  96  6:47  Zergling x4  
  96  6:52  Spore Crawler  
  97  6:54  Zergling x4  
  97  6:59  Drone x2  
  101  7:04  Drone  
  101  7:06  Drone  
  101  7:07  Drone x3  
  104  7:09  Overlord  
  104  7:15  Zergling x8  
  108  7:21  Drone  
  108  7:22  Hatchery, Drone x2, Extractor  
  110  7:24  Spire  
  110  7:26  Drone x2  
  110  7:30  Zergling x8  
  112  7:37  Zergling x10  
  112  7:38  Zergling x2  
  118  7:46  Zergling x2, Baneling x8  
  118  7:47  Zergling x8  
  123  7:53  Overlord  
  123  7:54  Zergling x6  
  126  8:01  Zergling x8  
  111  8:13  Zergling x10  
  111  8:16  Zergling x2  
  111  8:17  Zergling x8  
  111  8:20  Drone x2  
  111  8:22  Zerg Ground Armor Level 2, Zerg Melee Weapons Level 2, Drone  
  111  8:27  Drone  
  115  8:30  Baneling x8  
  115  8:31  Baneling x3  
  115  8:33  Drone  
  115  8:34  Hatchery, Drone x2  
  117  8:37  Zerg Flyer Weapons Level 1  
  117  8:38  Extractor  
  116  8:43  Baneling x6  
  116  8:44  Mutalisk  
  118  8:49  Mutalisk x3  
  118  8:54  Mutalisk x2  
  125  8:55  Drone  
  125  8:56  Drone  
  125  8:57  Drone  
  125  8:59  Drone  
  129  9:04  Mutalisk x3  
  135  9:15  Drone x3  
  135  9:16  Extractor  
  137  9:18  Drone x10  
  137  9:22  Mutalisk x2  
  151  9:25  Overseer  
  151  9:26  Zergling x4  
  151  9:30  Zergling x8  
  157  9:37  Zergling x14  
  164  9:45  Baneling x11  
  164  9:46  Zergling x2  
  164  9:47  Zergling x8  
  168  9:53  Mutalisk x2  
  168  9:54  Infestation Pit  
  168  9:55  Overlord  
  168  9:56  Zergling x4  
  173  10:01  Baneling x7  
  173  10:02  Spore Crawler  
  173  10:03  Zergling x2  
  173  10:04  Zergling x2  
  173  10:05  Overlord  
  174  10:11  Baneling  
  174  10:12  Zergling x16  
  177  10:21  Drone x3  
  179  10:22  Extractor  
  179  10:28  Pneumatized Carapace, Overseer  
  178  10:30  Zergling x2, Hive  
  178  10:31  Zergling x10  
  178  10:35  Zerg Flyer Weapons Level 2  
  184  10:36  Hatchery  
  183  10:44  Zergling x12  
  183  10:45  Zergling x12  
  195  10:50  Overlord  
  195  10:59  Zergling x2  
  195  11:10  Baneling x6  
  195  11:11  Baneling x8  
  191  11:20  Zergling x18  
  193  11:36  Zergling x12  
  199  11:43  Zerg Melee Weapons Level 3, Zerg Ground Armor Level 3, Adrenal Glands  
  199  11:46  Ultralisk Cavern  
  198  11:51  Baneling x13  
  198  11:53  Zergling x2  
  199  12:01  Zergling x32  
  191  12:11  Zergling x12  
  191  12:12  Zergling x4  
  187  12:23  Zergling x26  
  187  12:28  Zergling x2  
  183  12:38  Lair, Chitinous Plating  
  183  12:40  Drone x4  
  183  12:43  Ultralisk  
  183  12:44  Ultralisk  
  198  12:47  Spore Crawler  
  198  12:48  Spore Crawler  
  198  12:49  Extractor  
  195  12:59  Baneling x5  
  195  13:00  Ultralisk  
  193  13:14  Extractor  
  193  13:17  Baneling x8  
  193  13:18  Zergling x28, Baneling x6  
  200  13:29  Overseer x2  
  199  13:36  Ultralisk  
  199  13:38  Zergling x4  
  154  13:48  Zergling x2  
  154  13:49  Zergling x32  
  154  13:50  Zergling x2  
  154  13:51  Zergling x12  
  167  13:56  Zergling x4  
  167  13:57  Anabolic Synthesis  
  167  14:02  Corruptor x4  
  177  14:12  Spore Crawler x2  
  177  14:13  Ultralisk x2, Baneling x10  
  177  14:14  Corruptor  
  183  14:17  Zergling x24  
  195  14:28  Drone x5  
  195  14:30  Hatchery  
  187  14:33  Zergling x4  
  181  14:42  Hatchery  
  174  14:47  Zergling x2  
  174  14:48  Zergling x26  
  174  14:52  Corruptor  
  188  15:02  Zergling x10  
  188  15:03  Baneling x13  
  188  15:04  Baneling x7  
  193  15:09  Zerg Flyer Armor Level 1  
  193  15:13  Baneling x4  
  188  15:15  Zergling x14  
  180  15:23  Zergling x18  
  180  15:27  Zergling x2  
  180  15:28  Zergling x4  
  181  15:31  Ultralisk  
  182  15:39  Ultralisk x3  
  184  15:45  Drone x7  
  188  15:50  Zergling x8  
  188  15:54  Zergling x8  
  186  16:02  Zerg Missile Weapons Level 1  
  180  16:09  Zergling x18  
  186  16:24  Zergling x22  
  186  16:25  Zergling x4  
  180  16:40  Baneling x6  
  180  16:41  Zergling x12, Baneling x6  
  180  16:44  Hatchery  
  183  16:49  Zergling x14  
  183  16:50  Zergling x2  
  183  16:52  Zergling x4  
  173  16:59  Zergling x16  
  160  17:12  Ultralisk x2  
  159  17:19  Baneling x11  
  159  17:20  Baneling  
  157  17:24  Zergling x2  
  157  17:25  Zergling x12  
  164  17:30  Baneling x4  
  164  17:33  Corruptor x2  
  164  17:35  Overlord  
  166  17:42  Zergling x18  
  156  17:47  Zergling x10  
  156  17:50  Zergling x6  
  146  18:03  Zergling x2  

Tags
 
Add a new tag
Caveats
  • Supply blocks, unpowered buildings, or Contaminate may cause inaccurate times.
  • Supply counts are checked every 10 seconds.